 Dungeon Crawl Stone Soup version 0.19.1 (webtiles) character file.

52047 Gargoyl the Envoy of Void (level 14, -8/118 HPs)
             Began as a Ghoul Abyssal Knight on Dec 15, 2016.
             Was a High Priest of Lugonu.
             Mangled by a freezing wraith (11 damage)
             ... led by a death knight
             ... on level 12 of the Dungeon.
             The game lasted 00:57:52 (21466 turns).

Gargoyl the Envoy of Void (Ghoul Abyssal Knight)   Turns: 21466, Time: 00:57:53

Health: -8/118     AC: 21    Str: 27    XL:     14   Next: 62%
Magic:  18/22      EV:  8    Int:  7    God:    Lugonu [*****.]
Gold:   1160       SH: 18    Dex: 10    Spells: 0 memorised, 13 levels left

rFire  + . .     SeeInvis +     P - +5 war axe (freeze)
rCold  + . .     Gourm    .     d - +1 chain mail {rF+}
rNeg   + + +     Faith    .     f - +0 large shield
rPois  ∞         Spirit   .     i - +2 helmet
rElec  .         Reflect  .     l - +0 cloak
rCorr  .         Harm     .     p - +2 pair of gloves {Str+3}
MR     .....                    (no boots)
Stlth  ..........               A - amulet of regeneration
                                K - +5 ring of strength
                                J - ring of see invisible

@: vulnerable, rotting, slowed, very slow
A: rotting body, claws 1, carnivore 3, cold resistance 1, negative energy
resistance 3, slow regeneration 1, torment resistance, unbreathing
a: Depart the Abyss, Bend Space, Banish, Corrupt, Enter the Abyss, Renounce
Religion


You were on level 12 of the Dungeon.
You worshipped Lugonu.
Lugonu was extremely pleased with you.
You were not hungry.

You visited 2 branches of the dungeon, and saw 18 of its levels.
You visited the Abyss 1 time.
You also visited: Ice Cave.

You collected 1475 gold pieces.
You spent 315 gold pieces at shops.

Inventory:

Hand Weapons
 a - a +7 hand axe
 z - a +1 war axe of venom
 P - a +5 war axe of freezing (weapon)
Armour
 d - a +1 chain mail of fire resistance (worn)
 f - a +0 large shield (worn)
 i - a +2 helmet (worn)
 l - a +0 cloak (worn)
 p - a +2 pair of gloves of strength (worn)
 N - the +0 cloak of Egaycs {-Tele rElec rN++ Regen+}
   (You found it in an ice cave)

   It insulates you from electricity.
   It greatly protects you from negative energy.
   It prevents most forms of teleportation.
   It increases your rate of regeneration.
Jewellery
 A - an amulet of regeneration (around neck)
 J - a ring of see invisible (left hand)
 K - a +5 ring of strength (right hand)
 U - an uncursed ring of resist corrosion
Wands
 e - a wand of paralysis (18/24)
 B - a wand of iceblast (15/15)
 E - a wand of disintegration (8/24)
Scrolls
 m - 2 scrolls of fear
 n - a scroll of fog {unknown}
 o - a scroll of immolation
 s - 8 scrolls of remove curse
 y - 5 scrolls of identify
 D - 2 scrolls of teleportation
 I - a scroll of recharging
 L - 2 scrolls of magic mapping
 R - a scroll of blinking
Potions
 g - 2 potions of ambrosia
 h - 3 potions of agility
 j - 4 potions of brilliance
 q - a potion of haste {unknown}
 r - a potion of flight
 t - 3 potions of might
 x - 8 potions of curing
Books
 k - a book of Minor Magic

   Spells                             Type                      Level
   a - Magic Dart                     Conjuration                  1
   b - Blink                          Translocation                2
   c - Call Imp                       Summoning                    2
   d - Repel Missiles                 Charms/Air                   2
   e - Slow                           Hexes                        2
   f - Conjure Flame                  Conjuration/Fire             3
   g - Mephitic Cloud                 Conjuration/Poison/Air       3
 M - a book of Changes

   Spells                             Type                      Level
   a - Beastly Appendage              Transmutation                1
   b - Sticks to Snakes               Transmutation                2
   c - Spider Form                    Transmutation/Poison         3
   d - Ice Form                       Ice/Transmutation            4
   e - Blade Hands                    Transmutation                5
 Q - a book of Cantrips

   Spells                             Type                      Level
   a - Confusing Touch                Hexes                        1
   b - Animate Skeleton               Necromancy                   1
   c - Summon Small Mammal            Summoning                    1
   d - Apportation                    Translocation                1
Comestibles
 b - a chunk of flesh
 c - 10 meat rations
 u - 9 beef jerkies
 v - 2 slices of pizza
 w - a royal jelly


   Skills:
 + Level 9.5 Fighting
 + Level 11.6 Axes
 * Level 11.8 Armour
 + Level 4.8 Dodging
 + Level 9.6 Shields
 * Level 12.2 Invocations


You had 13 spell levels left.
You didn't know any spells.

Dungeon Overview and Level Annotations

Branches:
Dungeon (12/15)            Temple (0/1) D:5            Lair (6/6) D:9
 Shoals (0/4) Lair:3       Spider (0/4) Lair:3        Slime (0/5) Lair:5
    Orc (0/2) D:12

Altars:
Ashenzari
Dithmenos
Gozag
Kikubaaqudgha
Trog
Uskayaw
Zin

Shops:
D:10 ?

Annotations:
Abyss:1 Frances


Innate Abilities, Weirdness & Mutations

Your body is rotting away.
You thrive on raw meat.
You are immune to poison.
You have sharp fingernails.
You are carnivorous and can eat meat at any time.
Your flesh is cold resistant. (rC+)
You are immune to negative energy. (rN+++)
You regenerate slowly when monsters are visible.
You are immune to unholy pain and torment.
You can survive without breathing.


Message History

The freezing wraith drains your vigour!
You feel yourself slow down.
You closely miss the phantasmal warrior.
The phantasmal warrior is severely damaged.
You slash the freezing wraith!
You block the phantasmal warrior's attack.
You block the freezing wraith's attack. The freezing wraith hits you.
* * * LOW HITPOINT WARNING * * *
The phantasmal warrior hits you!!
* * * LOW HITPOINT WARNING * * *
Okay, then.
Press: ? - help, Shift-Dir - straight line, f - freezing wraith
Aim: a freezing wraith (severely damaged, chance to defeat MR: 76%)
The freezing wraith barely resists.
You feel somewhat more hungry.
The freezing wraith hits you but does no damage.
You block the freezing wraith's attack.
You block the phantasmal warrior's attack.
The freezing wraith hits you.
* * * LOW HITPOINT WARNING * * *
The freezing wraith freezes you! You resist.
You die...

### ..#
#.#######################
#............(.W@W.......
###################......
#####


You could see a phantasmal warrior and a freezing wraith.

Vanquished Creatures
  Snorg (Lair:5)
  A death knight (D:12)
  2 death yaks
  The ghost of Zeloya the Slicer, a novice KoGl of Okawaru (D:8)
  Sonja (D:12)
  3 hill giants
  An unseen horror (D:12)
  A necromancer (Lair:5)
  2 ugly things
  Maurice (D:10)
  2 manticores (D:12)
  A cyclops (D:12)
  6 torpor snails (Lair:6)
  9 elephants
  Joseph (D:6)
  8 spiny frogs
  2 black mambas
  A centaur skeleton (D:12)
  4 rime drakes
  4 komodo dragons
  A kobold demonologist (D:12)
  2 trolls
  3 slime creatures (D:12)
  8 hornets
  7 hippogriffs
  Grinder (D:6)
  6 blink frogs
  4 tyrant leeches (Lair:6)
  10 dream sheep (Lair:5)
  Sigmund (D:6)
  A spriggan (D:10)
  A shadow (D:11)
  2 water elementals (D:12)
  3 wraiths
  4 wyverns
  34 yaks
  3 basilisks
  7 hungry ghosts
  A steam dragon (D:12)
  A soldier ant (D:12)
  14 water moccasins
  7 porcupines
  8 ice beasts
  2 sky beasts
  4 orc warriors
  2 black bears
  5 phantoms
  An elephant zombie (Lair:5)
  An eye of draining (D:11)
  A necrophage (D:5)
  A hornet zombie (D:11)
  10 wolves
  6 ogres
  8 centaurs
  15 crocodiles
  12 bullfrogs
  A gnoll sergeant (D:7)
  A wyvern skeleton (D:9)
  3 scorpions
  2 troll zombies (D:12)
  9 killer bees
  6 howler monkeys
  10 electric eels
  A crimson imp (D:7)
  A bullfrog zombie (D:8)
  2 centaur zombies
  A basilisk zombie (Lair:5)
  5 orc priests
  9 hounds
  8 orc wizards
  5 iguanas
  Jessica (D:3)
  Natasha (twice) (D:3)
  10 worker ants
  2 hell rats (Lair:1)
  6 ogre zombies (D:12)
  A crocodile zombie (Lair:5)
  2 hound zombies (D:5)
  A hound skeleton (D:7)
  8 gnolls
  A howler monkey skeleton (D:4)
  7 river rats (Lair:1)
  16 adders
  3 shadow imps
  An ooze (D:5)
  An adder skeleton (D:4)
  An adder zombie (D:8)
  2 worms
  A dart slug (D:1)
  3 leopard geckos
  26 orcs
  3 bats
  7 giant cockroaches
  8 goblins
  9 hobgoblins
  10 jackals
  7 quokkas
  4 frilled lizards
  A goblin skeleton (D:12)
  8 goblin zombies (D:12)
  2 hobgoblin skeletons (D:12)
  A hobgoblin zombie (D:12)
  6 kobolds
  3 orc skeletons (D:12)
  10 orc zombies (D:12)
  A quokka zombie (D:9)
  9 rats
  3 fungi
  A plant (Lair:6)
501 creatures vanquished.

Vanquished Creatures (others)
  An ice dragon (Lair:6)
  5 hydras
  A death yak (Lair:6)
  An oklob plant (Lair:1)
  2 ugly things (IceCv)
  A manticore (D:9)
  An elephant (Lair:6)
  A two-headed ogre (D:9)
  A hippogriff (Lair:6)
  An orc warrior (D:9)
  An ogre (D:6)
  An electric eel (D:12)
  A crimson imp (D:8)
  A bush (Lair:6)
  6 fungi
  29 plants
54 creatures vanquished.

Grand Total: 555 creatures vanquished

Notes
Turn   | Place    | Note
-------+----------+-------------------------------------------
     0 | Abyss:1  | Gargoyl the Ghoul Abyssal Knight began the quest for the Orb.
     0 | Abyss:1  | Reached XP level 1. HP: 19/19 MP: 1/1
    54 | Abyss:1  | Noticed an ancient zyme
    60 | Abyss:1  | Noticed a sun demon
    63 | D:1      | Escaped the Abyss
   226 | D:1      | Reached skill level 1 in Dodging
   271 | D:1      | Reached XP level 2. HP: 26/26 MP: 2/2
   389 | D:1      | Reached * piety under Lugonu
   692 | D:1      | Reached XP level 3. HP: 28/31 MP: 3/3
   997 | D:2      | Reached XP level 4. HP: 32/40 MP: 4/4
  1183 | D:2      | You fall through a shaft for 2 floors!
  1943 | D:2      | Reached ** piety under Lugonu
  1989 | D:2      | Reached XP level 5. HP: 44/46 MP: 6/6
  2227 | D:3      | Noticed Jessica
  2235 | D:3      | Killed Jessica
  2406 | D:3      | Noticed Natasha
  2418 | D:3      | Killed Natasha
  2418 | D:3      | Reached skill level 3 in Invocations
  2530 | D:3      | Reached XP level 6. HP: 50/52 MP: 7/7
  2582 | D:3      | Noticed Natasha
  2590 | D:3      | Killed Natasha
  3484 | D:4      | Reached skill level 1 in Shields
  3777 | D:4      | Reached XP level 7. HP: 59/59 MP: 8/8
  3893 | D:5      | Entered Level 5 of the Dungeon
  4097 | D:5      | Found a staircase to the Ecumenical Temple.
  4159 | D:5      | Reached skill level 4 in Invocations
  4395 | D:5      | Reached *** piety under Lugonu
  4625 | D:5      | Reached skill level 5 in Axes
  4625 | D:5      | Reached XP level 8. HP: 37/66 MP: 10/10
  5368 | D:6      | Found an ancient bone altar of Kikubaaqudgha.
  5435 | D:6      | Noticed Sigmund
  5452 | D:6      | Killed Sigmund
  5498 | D:6      | Reached skill level 5 in Invocations
  5642 | D:6      | Noticed Grinder
  5670 | D:7      | Noticed Joseph
  6099 | D:7      | Paralysed by Grinder for 3 turns
  6105 | D:7      | Paralysed by Grinder for 7 turns
  6379 | D:6      | Paralysed by Grinder for 2 turns
  6397 | D:6      | Killed Grinder
  6397 | D:6      | Reached skill level 5 in Armour
  6397 | D:6      | Reached XP level 9. HP: 57/73 MP: 12/12
  6541 | D:6      | Killed Joseph
  6541 | D:6      | Reached skill level 5 in Fighting
  7251 | D:6      | Reached skill level 6 in Invocations
  7363 | D:7      | Reached **** piety under Lugonu
  8134 | D:8      | Reached XP level 10. HP: 70/80 MP: 13/13
  8329 | D:8      | Noticed Zeloya's ghost (novice KoGl)
  8405 | D:8      | Killed Zeloya's ghost
  8606 | D:9      | Found a staircase to the Lair.
  9110 | D:9      | Found an opulent altar of Gozag.
  9116 | D:9      | Found a glowing silver altar of Zin.
  9117 | D:9      | Found a bloodstained altar of Trog.
  9121 | D:9      | Found a shattered altar of Ashenzari.
  9122 | D:9      | Found a hide-covered altar of Uskayaw.
  9132 | D:9      | Noticed a manticore
  9153 | D:9      | Banished a manticore
  9153 | D:9      | Reached skill level 5 in Shields
  9153 | D:9      | Reached skill level 7 in Invocations
  9558 | Lair:1   | Entered Level 1 of the Lair of Beasts
  9558 | Lair:1   | Found a shadowy altar of Dithmenos.
  9558 | Lair:1   | Noticed an oklob plant
  9568 | Lair:1   | Banished an oklob plant
  9863 | Lair:1   | Noticed a spiny frog
  9865 | Lair:1   | Noticed a four-headed hydra
  9871 | Lair:1   | Banished a four-headed hydra
  9877 | Lair:1   | Killed a spiny frog
  9877 | Lair:1   | Reached XP level 11. HP: 51/89 MP: 7/15
 10251 | Lair:2   | Reached skill level 8 in Invocations
 10324 | Lair:2   | Noticed a four-headed hydra
 10325 | Lair:2   | Noticed a five-headed hydra
 10326 | Lair:2   | Banished a four-headed hydra
 10328 | Lair:2   | Banished a five-headed hydra
 10546 | Lair:2   | Identified a scroll of acquirement
 10547 | Lair:2   | Got a spiked shield
 10558 | Lair:2   | Identified the +0 shield of the Sparrow {*Slow rN+ Int+4} (You acquired it on level 2 of the Lair of Beasts)
 11410 | Lair:3   | Found a frozen archway.
 11433 | IceCv    | Entered an ice cave
 11433 | IceCv    | Noticed a white ugly thing
 11444 | IceCv    | Banished a white ugly thing
 11444 | IceCv    | Reached skill level 9 in Invocations
 11481 | IceCv    | Got a polished cloak
 11492 | IceCv    | Identified the +0 cloak of Egaycs {-Tele rElec rN++ Regen+} (You found it in an ice cave)
 11507 | IceCv    | Noticed a white ugly thing
 11508 | IceCv    | Banished a white ugly thing
 11774 | Lair:3   | Found a hole to the Spider Nest.
 11874 | Lair:3   | Found a staircase to the Shoals.
 12196 | Lair:3   | Reached XP level 12. HP: 32/97 MP: 17/17
 13983 | Lair:5   | Reached skill level 10 in Armour
 14312 | Lair:5   | Noticed Snorg
 14355 | Lair:5   | Killed Snorg
 14698 | Lair:5   | Found a staircase to the Slime Pits.
 14706 | Lair:5   | Reached skill level 10 in Invocations
 14713 | Lair:5   | Reached skill level 10 in Axes
 15121 | Lair:6   | Entered Level 6 of the Lair of Beasts
 15139 | Lair:6   | Noticed a five-headed hydra
 15168 | Lair:6   | Banished a five-headed hydra
 15168 | Lair:6   | Reached XP level 13. HP: 106/107 MP: 6/19
 15892 | Lair:6   | Reached skill level 11 in Invocations
 16129 | Lair:6   | Found a runed door.
 16212 | Lair:6   | HP: 3/108 [tyrant leech (18)]
 17450 | Lair:6   | Noticed an ice dragon
 17464 | Lair:6   | Banished an ice dragon
 17835 | D:10     | Entered Level 10 of the Dungeon
 17861 | D:10     | Noticed Maurice
 17880 | D:10     | Killed Maurice
 18051 | D:10     | Found Tiumasyt's Magic Scroll Shoppe.
 18057 | D:10     | Bought a scroll of blinking for 105 gold pieces
 18057 | D:10     | Bought a scroll of enchant weapon for 105 gold pieces
 18057 | D:10     | Bought a scroll of enchant weapon for 105 gold pieces
 18947 | D:11     | Reached XP level 14. HP: 116/116 MP: 21/21
 19863 | D:12     | Noticed Frances
 19995 | D:11     | HP: 3/118 [Frances/trident (13)]
 20030 | D:11     | Banished Frances
 20565 | D:12     | Reached ***** piety under Lugonu
 20601 | D:12     | Found a staircase to the Orcish Mines.
 20684 | D:12     | Noticed Sonja
 20717 | D:12     | Killed Sonja
 20781 | D:12     | Reached skill level 12 in Invocations
 21466 | D:12     | HP: 3/118 [freezing wraith[a death knight] (4)]
 21466 | D:12     | Mangled by a freezing wraith

Skill      XL: |  1  2  3  4  5  6  7  8  9 10 11 12 13 14 |
---------------+-------------------------------------------+-----
Dodging        | 1 2 3 4 |  4.8
Axes           | 2 3 5 6 7 8 9 10 11 | 11.6
Armour         | 2 3 4 5 6 8 9 10 11 | 11.8
Invocations    | 3 4 5 6 7 9 10 11 12 | 12.2
Fighting       | 4 5 6 7 8 9 |  9.5
Shields        | 1 2 3 4 5 6 7 9 |  9.6

Action                   |  1- 3 |  4- 6 |  7- 9 | 10-12 | 13-15 || total
-------------------------+-------+-------+-------+-------+-------++-------
Melee: Hand axe          |   113 |   266 |   597 |   880 |   438 ||  2294
       War axe           |       |       |       |       |   667 ||   667
Invok: Depart the Abyss  |     1 |       |       |       |       ||     1
       Banish            |       |       |     1 |    16 |    20 ||    37
       Bend Space        |       |       |       |     4 |     1 ||     5
Evoke: Wand              |       |       |     1 |       |       ||     1
  Use: Scroll            |     2 |    12 |     7 |    14 |    16 ||    51
       Potion            |       |       |     1 |     9 |     4 ||    14
  Eat: Chunk             |    11 |    32 |    30 |   101 |   121 ||   295
       Meat ration       |       |       |       |       |     1 ||     1
Armor: Ring mail         |    58 |   115 |       |       |       ||   173
       Chain mail        |       |    41 |   358 |   519 |   469 ||  1387
Dodge: Dodged            |    45 |    94 |   144 |   177 |   205 ||   665
Block: Buckler           |    11 |       |       |       |       ||    11
       Shield            |    26 |    91 |   261 |       |       ||   378
       Large shield      |       |       |    15 |   759 |  1015 ||  1789
